 Dungeon Crawl Stone Soup version 0.30-a0-575-g6f4a10e2d2 (webtiles) character file.

Game seed: 14001971581845938783

660 Ijustatesigmund the Chopper (level 7, -1/66 HPs)
             Began as a Hill Orc Fighter on Dec 30, 2022.
             Slain by an orc warrior
             ... wielding a +0 halberd
              (3 damage)
             ... on level 5 of the Dungeon.
             The game lasted 00:04:19 (3262 turns).

Ijustatesigmund the Chopper (Hill Orc Fighter)      Turns: 3262, Time: 00:04:20

Health: -1/66      AC: 14    Str: 21    XL:     7   Next: 56%
Magic:  7/7        EV:  7    Int:  8    God:
Gold:   264        SH:  4    Dex: 10    Spells: 6/6 levels left

rFire   . . .      SeeInvis .    a - +0 war axe
rCold   . . .      Faith    .    c - +0 buckler
rNeg    . . .      Spirit   .    b - +0 chain mail
rPois   .          Reflect  .    (no helmet)
rElec   .          Harm     .    f - +1 cloak
rCorr   .          Rampage  .    (no gloves)
Will    .....                    n - +1 pair of boots Stlth
                                 (no amulet)
HPRegen 0.31/turn                (no ring)
MPRegen 0.10/turn                (no ring)

@: attractive
A: no striking features
a: no special abilities


You were on level 5 of the Dungeon.
You visited 1 branch of the dungeon, and saw 5 of its levels.

You collected 264 gold pieces.

Inventory:

Hand Weapons
 a - a +0 war axe (weapon)
 h - a +4 flail of protection
Armour
 b - a +0 chain mail (worn)
 c - a +0 buckler (worn)
 f - a +1 cloak (worn)
 n - a +1 pair of boots (worn)
Scrolls
 g - a scroll of immolation
 j - a scroll of identify
 p - a scroll of amnesia
Potions
 d - a potion of might
 e - a potion of lignification
 i - a potion of curing
 k - 2 potions of resistance {unknown}
 l - a potion of brilliance {unknown}
 m - a potion of mutation {unknown}
 q - a potion of attraction
 r - a potion of magic {unknown}


   Skills:
 + Level 7.2 Fighting
 + Level 7.3 Axes
 + Level 4.7 Armour
 - Level 3.2 Shields


You had 6 spell levels left.
You didn't know any spells.
Your spell library contained the following spells:

 Spells                   Type           Power      Damage    Failure   Level
 Freezing Cloud           Conj/Ice/Air   0%         6-21      100%        5
 Simulacrum               Ice/Necr       0%         N/A       100%        6
 Chain Lightning          Conj/Air       0%         N/A       100%        9
 Fire Storm               Conj/Fire      0%         5d1       100%        9
 Polar Vortex             Ice            0%         N/A       100%        9
 Shatter                  Erth           0%         3d5*      100%        9


Dungeon Overview and Level Annotations

Branches:
Dungeon (5/15)
 Temple: D:4-7

Altars:
Ashenzari
Nemelex Xobeh
Qazlal


Message History

You are too injured to fight recklessly!
You are too injured to fight recklessly!
You are too injured to fight recklessly!
You are too injured to fight recklessly!
You are too injured to fight recklessly!
You are too injured to fight recklessly!
You are too injured to fight recklessly!
You are too injured to fight recklessly!
The orc wizard barely misses you.
There is an open door here.
You see here a +0 hand axe.
You barely miss the orc warrior. You slash the orc wizard!
You kill the orc wizard!
The orc warrior unwields a +0 arbalest.
The orc warrior wields a +0 halberd.
You block the orc warrior's attack.
You hit the orc warrior.
The orc warrior is lightly wounded.
The orc warrior hits you with a +0 halberd!
The orc warrior hits you with a +0 halberd.
You hit the orc warrior but do no damage.
The orc warrior is lightly wounded.
The orc warrior hits you with a +0 halberd!
* * * LOW HITPOINT WARNING * * *
It was a potion of curing.
You feel better.
The orc warrior hits you with a +0 halberd.
* * * LOW HITPOINT WARNING * * *
Okay, then.
Okay, then.
It was a potion of attraction.
You feel attractive to monsters.
The orc warrior hits you with a +0 halberd!
* * * LOW HITPOINT WARNING * * *
You barely miss the orc warrior.
The orc warrior is lightly wounded.
The orc warrior hits you with a +0 halberd.
* * * LOW HITPOINT WARNING * * *
You barely miss the orc warrior.
The orc warrior is lightly wounded.
The orc warrior hits you with a +0 halberd.
You die...

#.......#
#.......#
#.......#
#.......#
#.......#
#.......#
#..o....#
###@####.##.
#..)'.......
#...#.......
#...#.......
#...#.......
#...#.......
##'#########+
#..........
#..........


You could see an orc warrior.

Vanquished Creatures
  Sigmund (D:4)
  A black bear (D:4)
  A kobold brigand (D:4)
  A jelly (D:3)
  An orc priest (D:4)
  Crazy Yiuf (D:4)
  A hound (D:4)
  4 orc wizards
  4 adders
  3 worms
  3 dart slugs
  16 orcs
  4 endoplasms
  A giant cockroach (D:1)
  2 goblins
  4 hobgoblins
  3 jackals (D:1)
  2 kobolds
  2 quokkas
  3 ball pythons
  4 bats
  2 frilled lizards (D:2)
  A rat (D:1)
65 creatures vanquished.

Vanquished Creatures (others)
  4 plants (D:2)
4 creatures vanquished.

Grand Total: 69 creatures vanquished

Notes
Turn   | Place    | Note
-------+----------+-------------------------------------------
     0 | D:1      | Ijustatesigmund the Hill Orc Fighter began the quest for
                  | the Orb.
     0 | D:1      | Reached XP level 1. HP: 19/19 MP: 1/1
   198 | D:1      | Reached XP level 2. HP: 23/27 MP: 2/2
   352 | D:1      | You fall into a shaft and drop 1 floor!
   662 | D:1      | Reached XP level 3. HP: 34/34 MP: 3/3
  1238 | D:3      | Reached XP level 4. HP: 40/41 MP: 4/4
  1452 | D:3      | Reached skill level 5 in Fighting
  1690 | D:3      | Reached skill level 5 in Axes
  1699 | D:3      | Reached XP level 5. HP: 38/48 MP: 5/5
  1867 | D:3      | Found a sparkling altar of Nemelex Xobeh.
  2085 | D:4      | Reached XP level 6. HP: 18/57 MP: 6/6
  2257 | D:4      | Identified the +6 sling of Fixation {drain, Int+3 Dex+2}
  2320 | D:4      | Found a runed translucent door.
  2421 | D:4      | Noticed Crazy Yiuf
  2771 | D:4      | Found a stormy altar of Qazlal.
  2771 | D:4      | Found a broken altar of Ashenzari.
  2792 | D:4      | Noticed Sigmund
  2799 | D:4      | Killed Sigmund
  2800 | D:4      | Reached XP level 7. HP: 45/64 MP: 7/7
  3111 | D:4      | Killed Crazy Yiuf
  3235 | D:5      | Entered Level 5 of the Dungeon
  3261 | D:5      | HP: 2/66 [orc warrior/+0 halberd (4)]
  3262 | D:5      | Slain by an orc warrior

Illustrated notes

Levels and vault maps discovered:
D:1:      noname_arrival_rooms_in_the_neighbourhood, layout_rooms
D:2:      layout_loops_cross, serial_bayou_lagoon_b
D:3:      layout_rooms, lemuel_coloured_pillars_altar, dk_noncrumbling_3
D:4:      layout_basic, chequers_temple_overflow_statue_of_worship,
          uniq_crazy_yiuf_cottage, uniq_sigmund
D:5:      layout_gridville

Skill      XL: |  1  2  3  4  5  6  7 |
---------------+----------------------+-----
Axes           | 3 4 5 6 7 |  7.3
Fighting       | 4 5 6 7 |  7.2
Armour         | 4 |  4.7
Shields        | |  3.2

Action                   |  1- 3 |  4- 6 |  7- 9 || total
-------------------------+-------+-------+-------++-------
Melee: War axe           |    87 |   106 |    31 ||   224
  Use: Scroll            |       |     9 |       ||     9
       Potion            |       |     2 |     2 ||     4
Armor: Scale mail        |    47 |    72 |       ||   119
       Chain mail        |       |     5 |    25 ||    30
Dodge: Dodged            |    35 |    46 |    15 ||    96
Block: Buckler           |    22 |    18 |     9 ||    49

Table legend: (Time is in decaauts)
 A = Elapsed time spent in this place.
 B = Non-inter-level travel time spent in this place.
 C = Inter-level travel time spent in this place.
 D = Time resting spent in this place.
 E = Time spent auto-exploring this place.
 F = Levels seen in this place.
 G = Mean time per level.
                   A        B        C        D        E       F      G
               +--------+--------+--------+--------+--------+-----+--------+
         Total |   3347 |   3253 |     94 |    186 |   2487 |   5 |  669.4 |
       Dungeon |   3347 |   3253 |     94 |    186 |   2487 |   5 |  669.4 |
               +--------+--------+--------+--------+--------+-----+--------+

Top non-repeatable levels by time:
     D:4: 1320 daAuts
     D:3: 724 daAuts
     D:2: 639 daAuts
     D:1: 634 daAuts
     D:5: 28 daAuts
